 Dungeon Crawl Stone Soup version 0.17-a0-1078-g243345b (webtiles) character file.

1390 Lugonue the Covert (level 8, -3/36 HPs)
             Began as a Spriggan Enchanter on May 19, 2015.
             Was a Believer of Dithmenos.
             Slain by Gastronok (33 damage)
             ... on level 8 of the Dungeon.
             The game lasted 00:26:28 (4470 turns).

Lugonue the Covert (Spriggan Enchanter)             Turns: 4470, Time: 00:26:29

Health: -3/36      AC:  5    Str:  7    XL:     8   Next: 40%
Magic:  16/16      EV: 19    Int: 14    God:    Dithmenos [**....]
Gold:   527        SH:  0    Dex: 24    Spells: 3 memorised, 11 levels left

rFire  . . .     SeeInvis +     o - +2 dagger of the Whelk {elec, rElec Str+3 Int-4 Dex+7} (curse)
rCold  . . .     Clarity  .     v - +2 robe {MR+}
rNeg   + . .     SustAb   .     (shield restricted)
rPois  .         Gourm    .     (helmet restricted)
rElec  +         Spirit   .     h - +0 cloak
rCorr  .         Warding  .     (gloves unavailable)
rMut   .         Stasis   .     (boots unavailable)
MR     ++...                    (no amulet)
Stlth  +++++++++.               x - ring of stealth
                                b - ring of positive energy

@: wreathed by umbra, very quick, very resistant to hostile enchantments,
incredibly stealthy
A: unfitting armour, see invisible, herbivore 3, speed 3, slow metabolism 2
a: Shadow Step, Renounce Religion


You were on level 8 of the Dungeon.
You worshipped Dithmenos.
Dithmenos was pleased with you.
You were not hungry.

You visited 1 branch of the dungeon, and saw 8 of its levels.
You also visited: Ossuary.

You collected 527 gold pieces.

Inventory:

Hand weapons
 a - a +1 dagger
 o - the cursed +2 dagger of the Whelk (weapon) {elec, rElec Str+3 Int-4 Dex+7}
   (You found it on level 4 of the Dungeon)

   Occasionally, upon striking a foe, it will discharge some electrical energy
   and cause terrible harm.
   It affects your strength (+3).
   It affects your intelligence (-4).
   It affects your dexterity (+7).
   It insulates you from electricity.
   It has a curse placed upon it.
 y - a cursed -2 dagger
 z - a +1 rapier of draining
Armour
 h - a +0 cloak (worn)
 v - a +2 robe of magic resistance (worn)
Jewellery
 b - a ring of positive energy (left hand)
 s - an uncursed ring of fire
 x - a ring of stealth (right hand)
Magical devices
 m - a wand of cold (6)
 u - a wand of digging (12)
Scrolls
 e - 2 scrolls of remove curse
 f - a scroll of teleportation
 g - a scroll of fog
 q - 2 scrolls of amnesia
 r - 2 scrolls of enchant armour
Potions
 i - a potion of degeneration {unknown}
 j - 2 potions of magic {unknown}
 k - a potion of lignification {unknown}
 l - a potion of curing
 n - 2 potions of poison {unknown}
 t - a potion of agility {unknown}
Books
 c - a book of Maledictions

   Spells                             Type                      Level
   a - Corona                         Hexes                        1
   b - Ensorcelled Hibernation        Hexes/Ice                    2
   c - Confuse                        Hexes                        3
   d - Tukima's Dance                 Hexes                        3
   e - Dazzling Spray                 Conjuration/Hexes            3
 p - a book of Cantrips

   Spells                             Type                      Level
   a - Corona                         Hexes                        1
   b - Animate Skeleton               Necromancy                   1
   c - Summon Small Mammal            Summoning                    1
   d - Apportation                    Translocation                1
 w - a book of Transfigurations

   Spells                             Type                      Level
   a - Stoneskin                      Transmutation/Earth          2
   b - Irradiate                      Conjuration/Transmutation    5
   c - Statue Form                    Transmutation/Earth          6
   d - Hydra Form                     Transmutation                6
   e - Dragon Form                    Transmutation                7
Comestibles
 d - 2 bread rations


   Skills:
 - Level 1.1 Short Blades
 - Level 3.0 Dodging
 + Level 13.9 Stealth
 + Level 5.0 Spellcasting
 * Level 5.6 Hexes


You had 11 spell levels left.
You knew the following spells:

 Your Spells              Type           Power        Failure   Level  Hunger
b - Ensorcelled Hibernat  Hex/Ice        ##....       10%         2    ##.....
c - Confuse               Hex            ###.....     8%          3    ###....
d - Apportation           Tloc           #.........   21%         1    None


Dungeon Overview and Level Annotations

Branches:
Dungeon (8/15)             Temple (0/1) D:7            Lair (0/8) D:8

Altars:
Dithmenos

Shops:
D:7 !

Annotations:
D:8 Gastronok


Innate Abilities, Weirdness & Mutations

You are tiny and cannot use many weapons and most armour.
You have supernaturally acute eyesight.
You are a herbivore.
You cover ground extremely quickly.
You need consume almost no food.


Message History

You see here a flail.
The helpless gnoll fails to defend itself.
You spit the gnoll like a pig!!!
There is a sudden explosion of sparks!
You kill the gnoll!
Dithmenos accepts your kill.
Things that are here:
a whip; a gnoll corpse You see here a flail.
You see here a halberd.
You see here a flail.
Things that are here:
a whip; a gnoll corpse Gastronok the Ponderous comes into view.
Found a stone staircase leading down.
The helpless Gastronok fails to defend himself.
You spit Gastronok like a pig!!!!
Gastronok is heavily wounded.
Gastronok bites you!!
Ouch! That really hurt!
You die...

# #. #o######
#.#..>...####..#
#...w@..........
########.##....
#.# . #.# #.#
#.# #.# ## #)# .
#.# #)####....


You could see Gastronok and an orc priest (wandering).

Vanquished Creatures
  Sigmund (D:5)
  A warg (D:8)
  2 orc warriors (D:7)
  A sky beast (D:6)
  A phantom (D:6)
  A big kobold (D:7)
  A scorpion (D:4)
  A giant frog zombie (D:7)
  2 crimson imps
  A human zombie (Ossuary)
  An iguana (D:4)
  An orc priest (D:5)
  3 worker ants
  2 orc wizards
  3 big kobold zombies (Ossuary)
  A killer bee zombie (D:8)
  2 hound skeletons
  2 mummies (Ossuary)
  6 adders
  3 gnolls (D:8)
  2 shadow imps
  An ooze (D:2)
  2 adder skeletons
  4 worms
  2 giant geckos
  17 orcs
  4 giant cockroaches
  3 gnoll zombies (Ossuary)
  8 goblins
  9 hobgoblins
  3 jackals (D:4)
  10 kobolds
  2 ball pythons
  8 bats
  2 giant newts
  4 goblin zombies (Ossuary)
  2 hobgoblin zombies (Ossuary)
  2 orc zombies
  2 quokkas
  2 quokka skeletons (D:7)
  5 rats
  A butterfly (D:7)
131 creatures vanquished.

Notes
Turn   | Place    | Note
--------------------------------------------------------------
     0 | D:1      | Lugonue the Spriggan Enchanter began the quest for the Orb.
     0 | D:1      | Reached XP level 1. HP: 9/9 MP: 5/5
   142 | D:1      | Reached skill level 5 in Stealth
   281 | D:1      | Reached XP level 2. HP: 11/13 MP: 4/6
   285 | D:1      | Learned a level 2 spell: Ensorcelled Hibernation
   667 | D:2      | Reached skill level 6 in Stealth
   770 | D:2      | Reached XP level 3. HP: 14/16 MP: 6/8
  1132 | D:2      | Learned a level 3 spell: Confuse
  1336 | D:4      | Reached skill level 7 in Stealth
  1489 | D:4      | Reached XP level 4. HP: 19/21 MP: 4/9
  1549 | D:4      | Got a dazzling dagger
  1553 | D:3      | Identified the cursed +2 dagger of the Whelk {elec, rElec Str+3 Int-4 Dex+7} (You found it on level 4 of the Dungeon)
  1635 | D:3      | Learned a level 1 spell: Apportation
  1873 | D:3      | Reached skill level 8 in Stealth
  2254 | D:4      | Reached skill level 9 in Stealth
  2254 | D:4      | Reached XP level 5. HP: 24/24 MP: 10/10
  2320 | D:4      | Noticed a scorpion
  2334 | D:4      | Killed a scorpion
  2412 | D:4      | Reached skill level 10 in Stealth
  2448 | D:4      | Found a shadowy altar of Dithmenos.
  2454 | D:4      | Became a worshipper of Dithmenos the Shadowed
  2481 | D:5      | Entered Level 5 of the Dungeon
  2530 | D:5      | Reached XP level 6. HP: 21/28 MP: 5/11
  2660 | D:5      | Found a sand-covered staircase.
  2675 | Ossuary  | Entered an ossuary
  2701 | Ossuary  | Reached skill level 11 in Stealth
  3211 | D:5      | Noticed Sigmund
  3218 | D:5      | Killed Sigmund
  3218 | D:5      | Reached skill level 12 in Stealth
  3218 | D:5      | Reached XP level 7. HP: 32/32 MP: 12/12
  3353 | D:6      | Reached skill level 13 in Stealth
  3497 | D:7      | Found Dotze's Distillery.
  3702 | D:7      | Reached XP level 8. HP: 14/36 MP: 5/15
  4073 | D:7      | Acquired Dithmenos's first power
  4095 | D:7      | Reached skill level 5 in Hexes
  4117 | D:7      | Found a staircase to the Ecumenical Temple.
  4178 | D:8      | Found a staircase to the Lair.
  4452 | D:8      | Reached skill level 5 in Spellcasting
  4466 | D:8      | Noticed Gastronok
  4470 | D:8      | Slain by Gastronok

Vault maps used:
D:1:      minmay_arrival_doors
D:2:      first_bread
D:3:      serial_park_square1, wad_woods_river_04, kennysheep_orc_chapel
D:4:      grunt_dithmenos_shadows
D:5:      grunt_temple_overflow_lords_of_destruction, enter_ossuary_3,
          uniq_sigmund
D:6:      kennysheep_mini, cheibrodos_worm_habitat,
          minmay_misc_feat_secret_circle
D:7:      minmay_temple_entry_butterflies, serial_shops, shop_statue
D:8:      erik_lair_orcish_takeover, basic_altar, uniq_erica, uniq_gastronok
Ossuary:  minmay_ossuary_gauntlet

Action                   |  1- 3 |  4- 6 |  7- 9 || total
-------------------------+-------+-------+-------++-------
Melee: Dagger            |   113 |   129 |   108 ||   350
 Cast: Corona            |    14 |     3 |       ||    17
       Ensorcelled Hiber |    13 |     8 |    14 ||    35
       Confuse           |     2 |    14 |    12 ||    28
       Apportation       |       |     1 |       ||     1
  Use: Scroll            |     5 |     4 |     3 ||    12
       Potion            |       |     1 |     1 ||     2
 Stab: Sleeping          |    18 |    23 |    16 ||    57
       Confused          |       |     3 |     2 ||     5
       Distracted        |       |     1 |       ||     1
  Eat: Pizza             |       |     1 |       ||     1
       Bread ration      |       |     1 |       ||     1
